[Event "Hastings International Chess Congress"]
[Site "?"]
[Date "2014.01.01"]
[Round "5.1"]
[White "Jaunooby, Ali R"]
[Black "Stewart, Neil"]
[Result "0-1"]
[ECO "D11"]
[WhiteElo "2124"]
[BlackElo "2258"]
[PlyCount "78"]
[EventDate "2014.??.??"]
[TimeControl "6600+1270"]
[WhiteClock "0:11:43"]
[BlackClock "0:08:25"]

1. d4 d5 2. c4 c6 3. Nf3 Nf6 4. Qc2 g6 5. Bf4 Bg7 6. e3 O-O 7. Nc3 Na6 8. h3
Nb4 9. Qb3 a5 10. c5 Nd7 11. Na4 Re8 12. a3 Na6 13. Nb6 Naxc5 14. dxc5 Nxc5 15.
Bc7 Nxb3 16. Bxd8 Nxa1 17. Bc7 Bf5 18. Nxa8 Rxa8 19. Be5 Bxe5 20. Nxe5 f6 21.
Nd3 Nb3 22. Be2 Bxd3 23. Bxd3 c5 24. e4 c4 25. Be2 e6 26. exd5 exd5 27. Bf3 Rd8
28. g4 b6 29. h4 Nc5 30. Ke2 Nd3 31. b3 Ne5 32. Bg2 cxb3 33. a4 Nc4 34. Kd3
Nb2+ 35. Kd4 Nxa4 36. Bxd5+ Kf8 37. h5 gxh5 38. g5 b2 39. gxf6 Rxd5+ 0-1

[Event "Hastings International Chess Congress"]
[Site "?"]
[Date "2014.01.01"]
[Round "5.1"]
[White "Rahman, Ziaur"]
[Black "Mchedlishvili, Mikheil"]
[Result "0-1"]
[ECO "A45"]
[WhiteElo "2496"]
[BlackElo "2649"]
[PlyCount "100"]
[EventDate "2014.??.??"]
[TimeControl "6600+1065"]
[WhiteClock "0:50:34"]
[BlackClock "0:42:24"]

1. d4 Nf6 2. Bg5 e6 3. e4 h6 4. Bxf6 Qxf6 5. Nf3 d6 6. Nc3 g6 7. Qe2 Qe7 8.
O-O-O Bg7 9. h4 a6 10. Qe3 b5 11. e5 Nd7 12. Ne4 Bb7 13. Ned2 O-O 14. Bd3 c5
15. dxc5 Nxc5 16. Ne4 Nxd3+ 17. Rxd3 dxe5 18. Rhd1 Rfd8 19. h5 g5 20. Nd6 Bd5
21. Nf5 exf5 22. Rxd5 Rxd5 23. Rxd5 Qe6 24. Qb3 Rc8 25. Rd1 Rc4 26. g3 Qb6 27.
Nd2 Rd4 28. Qf3 Qf6 29. c3 g4 30. Qe3 Rd8 31. Nb3 Rxd1+ 32. Kxd1 Qc6 33. Ke2
Qh1 34. Qb6 Qe4+ 35. Kd2 Qb1 36. Qd8+ Bf8 37. Nc5 Qxb2+ 38. Kd1 Qb1+ 39. Kd2
Qxa2+ 40. Kd1 Qb1+ 41. Kd2 Qb2+ 42. Kd1 Qa3 43. Nd7 Qd6+ 44. Kc2 Kg7 45. Qc8
Be7 46. Nb8 Qe6 47. Qb7 Qa2+ 48. Kd1 Bg5 49. Qd7 Qxf2 50. Nxa6 Qf1+ {Ke1} 0-1

[Event "Hastings International Chess Congress"]
[Site "?"]
[Date "2014.01.01"]
[Round "5.2"]
[White "Brown, Thomas"]
[Black "Ledger, Dave J"]
[Result "1-0"]
[ECO "A56"]
[WhiteElo "2088"]
[BlackElo "2246"]
[PlyCount "61"]
[EventDate "2014.??.??"]
[TimeControl "6600+720"]
[WhiteClock "0:34:22"]
[BlackClock "0:08:35"]

1. d4 Nf6 2. c4 c5 3. e3 g6 4. Nf3 Bg7 5. Nc3 O-O 6. Be2 d6 7. O-O Nc6 8. d5
Nb4 9. e4 e6 10. h3 exd5 11. cxd5 Re8 12. a3 Na6 13. Bd3 c4 14. Bxc4 Nxe4 15.
Nxe4 Rxe4 16. Bd3 Re8 17. Bb5 Bd7 18. Bg5 Qc7 19. Rc1 Nc5 20. Bxd7 Qxd7 21. b4
Ne4 22. Qd3 a5 23. Rc4 Nxg5 24. Nxg5 Qb5 25. Nxf7 Bf8 26. Ng5 Re5 27. Nxh7 Rf5
28. g4 Rc8 29. Rfc1 Rxc4 30. Rxc4 Rf7 31. Nxf8 1-0

[Event "Hastings International Chess Congress"]
[Site "?"]
[Date "2014.01.01"]
[Round "5.3"]
[White "Helmer, Christoph"]
[Black "Repplinger, Marc"]
[Result "1-0"]
[ECO "C12"]
[WhiteElo "2037"]
[BlackElo "2245"]
[PlyCount "119"]
[EventDate "2014.??.??"]
[TimeControl "6600+1285"]
[WhiteClock "0:51:15"]
[BlackClock "0:10:33"]

1. e4 e6 2. d4 d5 3. Nc3 Nf6 4. Bg5 Bb4 5. e5 h6 6. Bd2 Bxc3 7. bxc3 Ne4 8. Qg4
g6 9. Bd3 Nxd2 10. Kxd2 c5 11. Nf3 Qe7 12. Rhb1 a6 13. a4 c4 14. Be2 Nd7 15. h4
Kd8 16. Ke1 b6 17. Qf4 Bb7 18. g3 Kc7 19. Bf1 Rag8 20. Qe3 Bc6 21. Bg2 g5 22.
hxg5 hxg5 23. g4 Kb7 24. Kd2 f5 25. exf6 Qxf6 26. a5 b5 27. Rh1 Qf4 28. Qxf4
gxf4 29. Rxh8 Rxh8 30. g5 Nf8 31. Rh1 Rxh1 32. Bxh1 Ng6 33. Bg2 Kc7 34. Bh3 Kd6
35. Bg4 Be8 36. Ke2 e5 37. Nxe5 Nxe5 38. dxe5+ Kxe5 39. Bc8 d4 40. cxd4+ Kxd4
41. Bxa6 Kc5 42. c3 Bh5+ 43. Kd2 Bg6 44. Kc1 b4 45. cxb4+ Kxb4 46. Bxc4 Kxa5
47. Kd2 Kb6 48. Kc3 Kc5 49. Bg8 Bb1 50. Bf7 Kd6 51. Kd4 Ke7 52. Bd5 Kd6 53. Be4
Ba2 54. Bf5 Bd5 55. Bh7 Ba2 56. Bd3 Bd5 57. Bf5 Bc6 58. g6 Ke7 59. Ke5 Ba4 60.
Be6 1-0

[Event "Hastings International Chess Congress"]
[Site "?"]
[Date "2014.01.01"]
[Round "5.3"]
[White "Khenkin, Igor"]
[Black "Sarkar, Justin"]
[Result "1/2-1/2"]
[ECO "D34"]
[WhiteElo "2598"]
[BlackElo "2425"]
[PlyCount "115"]
[EventDate "2014.??.??"]
[TimeControl "6000+1080"]
[WhiteClock "0:41:52"]
[BlackClock "1:30:14"]

1. d4 d5 2. c4 e6 3. Nf3 c5 4. cxd5 exd5 5. g3 Nc6 6. Bg2 Nf6 7. O-O Be7 8. Nc3
O-O 9. Bg5 c4 10. Ne5 Be6 11. b3 h6 12. Bxf6 Bxf6 13. Nxc6 bxc6 14. bxc4 dxc4
15. e3 Qa5 16. Rc1 Rac8 17. Qa4 Qxa4 18. Nxa4 Be7 19. Nb2 Ba3 20. Rc2 Bxb2 21.
Rxb2 Rc7 22. Rfb1 g6 23. h4 Kg7 24. Rb7 Rxb7 25. Rxb7 c3 26. Rb1 Rb8 27. Rc1
Bxa2 28. Rxc3 Rb1+ 29. Kh2 Rb2 30. Bxc6 Rxf2+ 31. Kg1 Rf6 32. Ra3 Rxc6 33. Rxa2
a5 34. Rxa5 Rc2 35. g4 Re2 36. Re5 f6 37. Re7+ Kf8 38. Re6 Kf7 39. d5 Rd2 40.
e4 f5 41. h5 fxe4 42. Rxg6 e3 43. Kf1 Rxd5 44. Ke2 Re5 45. Rxh6 Rg5 46. Rg6
Rxg6 47. hxg6+ Kf6 48. Kxe3 Kxg6 49. Kf4 Kf6 50. g5+ Kg6 51. Kg4 Kg7 52. Kf5
Kf7 53. g6+ Kg8 54. Kg5 Kg7 55. Kh5 Kg8 56. Kh6 Kh8 57. g7+ Kg8 58. Kg6 1/2-1/2

[Event "Hastings International Chess Congress"]
[Site "?"]
[Date "2014.01.01"]
[Round "5.4"]
[White "Foisor, Cristina-Adela"]
[Black "Ma, Qun"]
[Result "0-1"]
[ECO "A06"]
[WhiteElo "2355"]
[BlackElo "2595"]
[PlyCount "132"]
[EventDate "2014.??.??"]
[TimeControl "6600+2105"]
[WhiteClock "0:10:57"]
[BlackClock "0:48:30"]

1. Nf3 d5 2. g3 c6 3. Bg2 Bf5 4. b3 Nd7 5. Bb2 Ngf6 6. c4 e6 7. O-O h6 8. Na3
Bh7 9. d3 Bd6 10. cxd5 cxd5 11. Nb5 Be7 12. Qd2 a6 13. Nbd4 O-O 14. Bh3 Bd6 15.
Rfc1 Qe7 16. a3 g5 17. b4 g4 18. Qxh6 gxf3 19. Nxf3 Rfc8 20. Rxc8+ Rxc8 21. Rc1
Rxc1+ 22. Qxc1 Ne8 23. Qc3 f6 24. Qc8 Nf8 25. Nd4 Kf7 26. f4 Ng7 27. Nb3 Qc7
28. Qxc7+ Bxc7 29. Nc5 Bb6 30. d4 Bxc5 31. dxc5 Bc2 32. Kf2 Ng6 33. Bg2 Ba4 34.
h4 f5 35. Bf3 Ne7 36. e3 Ne8 37. Kg2 Nf6 38. Kh3 Kg6 39. Bc3 Nc6 40. Bb2 Bb5
41. Kg2 Ng4 42. Bc1 Ba4 43. Bd2 Na7 44. Bc1 Nb5 45. Be2 Nc3 46. Bd3 Bc6 47. Kf1
Bb5 48. Bxb5 axb5 49. Ke1 Ne4 50. Kd1 Ngf6 51. Kc2 Nd7 52. Kb3 Nxg3 53. a4
bxa4+ 54. Kxa4 Ne4 55. Bb2 Kh5 56. Kb5 Kxh4 57. Be5 Nxe5 58. fxe5 d4 59. exd4
f4 60. Kb6 f3 61. b5 f2 62. Kxb7 f1=Q 63. b6 Qc4 64. c6 Qxd4 65. c7 Nc5+ 66.
Ka7 Qa1+ 0-1

[Event "Hastings International Chess Congress"]
[Site "?"]
[Date "2014.01.01"]
[Round "5.7"]
[White "McPhillips, Joseph"]
[Black "Radovanovic, Jovica"]
[Result "0-1"]
[ECO "B44"]
[WhiteElo "2199"]
[BlackElo "2339"]
[PlyCount "90"]
[EventDate "2014.??.??"]
[TimeControl "6600+1455"]
[WhiteClock "0:22:44"]
[BlackClock "0:44:13"]

1. e4 c5 2. Nf3 e6 3. d4 cxd4 4. Nxd4 Nc6 5. Nb5 d6 6. c4 Nf6 7. N1c3 a6 8. Na3
Be7 9. Be2 O-O 10. O-O b6 11. Be3 Bb7 12. f3 Ne5 13. Qd4 Ned7 14. b4 Qc7 15.
Rac1 Rac8 16. Bf2 Rfd8 17. Qe3 Qb8 18. Na4 d5 19. exd5 exd5 20. Nxb6 Nxb6 21.
Qxb6 Bd6 22. g3 d4 23. Qxd4 Bxb4 24. Qb2 a5 25. Nb5 Rd2 26. Rc2 Rxe2 27. Rxe2
Bxf3 28. Rc2 Ba8 29. Be1 Bc5+ 30. Bf2 Qb7 31. Bxc5 Rxc5 32. Nd4 Qh1+ 33. Kf2
Qxh2+ 34. Ke1 Qxg3+ 35. Kd1 Qd3+ 36. Ke1 Rc8 37. Nf5 Rd8 38. Rd2 Qe4+ 39. Re2
Qxc4 40. Rg1 Bf3 41. Rxg7+ Kh8 42. Rgg2 Qb4+ 43. Rd2 Re8+ 44. Rge2 Rxe2+ 45.
Kf1 Qxb2 {Ke1} 0-1

[Event "Hastings International Chess Congress"]
[Site "?"]
[Date "2014.01.01"]
[Round "5.7"]
[White "Pert, Nicholas"]
[Black "Kipper, Jens"]
[Result "1-0"]
[ECO "C03"]
[WhiteElo "2554"]
[BlackElo "2378"]
[PlyCount "75"]
[EventDate "2014.??.??"]
[TimeControl "6600+2010"]
[WhiteClock "0:16:08"]
[BlackClock "0:02:49"]

1. d4 e6 2. e4 d5 3. Nd2 Be7 4. Ngf3 Nf6 5. e5 Nfd7 6. Bd3 c5 7. c3 Nc6 8. O-O
g5 9. dxc5 Nxc5 10. Bb5 a6 11. Bxc6+ bxc6 12. b4 Nd7 13. Nb3 h6 14. Nfd4 Nxe5
15. f4 Ng6 16. Be3 Bd6 17. f5 exf5 18. Nxf5 Bxf5 19. Rxf5 Qd7 20. Nd4 Be5 21.
Rf2 Nf4 22. Bxf4 Bxf4 23. g3 Bd6 24. Qh5 Rh7 25. Re1+ Kd8 26. Rf6 Kc7 27. Nf5
Bf8 28. Nd4 Bd6 29. Qe2 Kb7 30. Qd3 Rhh8 31. Rxd6 Qxd6 32. Nf5 Qf6 33. Re7+ Kb8
34. g4 Ra7 35. Qg3+ Ka8 36. Rxa7+ Kxa7 37. Qc7+ Ka8 38. Nd6 1-0

[Event "Hastings International Chess Congress"]
[Site "?"]
[Date "2014.01.01"]
[Round "5.8"]
[White "Young, Mel J"]
[Black "Marusenko, Petr"]
[Result "0-1"]
[ECO "B12"]
[WhiteElo "1902"]
[BlackElo "2189"]
[PlyCount "52"]
[EventDate "2014.??.??"]
[TimeControl "6600+1170"]
[WhiteClock "0:38:27"]
[BlackClock "1:05:46"]

1. e4 c6 2. d4 d5 3. f3 e6 4. Be3 Qb6 5. Nd2 Nf6 6. Bd3 c5 7. dxc5 Bxc5 8. Bxc5
Qxc5 9. Nb3 Qc7 10. Ne2 O-O 11. Ng3 Nbd7 12. Qd2 b6 13. exd5 Nxd5 14. O-O Bb7
15. Rae1 Rfd8 16. Nh5 N7f6 17. Nxf6+ Nxf6 18. Qf2 Qf4 19. Nd2 Rac8 20. Ne4 Nxe4
21. Bxe4 Ba6 22. Bd3 Bxd3 23. cxd3 Rxd3 24. Re4 Qd6 25. Rfe1 Rd2 26. R4e2 Rcc2
0-1

[Event "Hastings International Chess Congress"]
[Site "?"]
[Date "2014.01.01"]
[Round "5.9"]
[White "Foisor, Mihaela-Veronica"]
[Black "Kvisla, Johannes Luangtep"]
[Result "1/2-1/2"]
[ECO "A90"]
[WhiteElo "2216"]
[BlackElo "2149"]
[PlyCount "130"]
[EventDate "2014.??.??"]
[TimeControl "6600+1345"]
[WhiteClock "0:11:52"]
[BlackClock "1:14:33"]

1. d4 f5 2. c4 Nf6 3. g3 e6 4. Bg2 c6 5. Nf3 d5 6. O-O Bd6 7. b3 Qe7 8. Bb2 b6
9. Qc1 Bb7 10. Ba3 Nbd7 11. Bxd6 Qxd6 12. Qf4 Qxf4 13. gxf4 Ke7 14. Nbd2 c5 15.
Rac1 Rac8 16. Rfd1 Rhd8 17. e3 h6 18. h4 cxd4 19. Nxd4 Nc5 20. N2f3 dxc4 21.
Rxc4 Nce4 22. Rdc1 Rxc4 23. Rxc4 Bd5 24. Rc2 Ng4 25. Ne1 Ngxf2 26. Rxf2 Nxf2
27. Kxf2 Bxg2 28. Kxg2 Rc8 29. Nef3 Rc1 30. a4 Kf6 31. Kf2 Ke7 32. Ke2 a6 33.
Kd2 Rh1 34. Ne5 Kd6 35. Nc4+ Ke7 36. Nf3 b5 37. axb5 axb5 38. Na3 b4 39. Nc2
Rb1 40. Nfd4 Rh1 41. Nxb4 Rxh4 42. Nbc6+ Kd6 43. Nd8 Rh2+ 44. Kc3 g5 45. fxg5
hxg5 46. Nf7+ Kd5 47. Nxg5 Rh1 48. Ngxe6 Ke4 49. Nc2 Rh6 50. Nc5+ Kd5 51. b4
Rh3 52. Nd3 Rh8 53. b5 Rc8+ 54. Kd2 Kc4 55. Nd4 Ra8 56. Ne5+ Kd5 57. Nec6 Ke4
58. Kc3 Kxe3 59. Nxf5+ Ke4 60. Nfe7 Ra1 61. Kb2 Ra8 62. Kb3 Ra1 63. Kc2 Ra2+
64. Kb3 Ra1 65. Nb4 Ra5 1/2-1/2

[Event "Hastings International Chess Congress"]
[Site "?"]
[Date "2014.01.01"]
[Round "5.9"]
[White "Knott, Simon J B"]
[Black "Flear, Glenn C"]
[Result "1/2-1/2"]
[ECO "E04"]
[WhiteElo "2317"]
[BlackElo "2471"]
[PlyCount "114"]
[EventDate "2014.??.??"]
[TimeControl "6600+1575"]
[WhiteClock "0:29:58"]
[BlackClock "0:12:17"]

1. Nf3 d5 2. d4 Nf6 3. c4 e6 4. g3 dxc4 5. Bg2 Nc6 6. Qa4 Nd7 7. Qxc4 Nb6 8.
Qb5 a6 9. Qd3 e5 10. Be3 Nb4 11. Qe4 Be7 12. dxe5 Qd5 13. Qxd5 N6xd5 14. Na3
Nxe3 15. fxe3 Be6 16. Nd4 Bd5 17. Bxd5 Nxd5 18. Nac2 O-O 19. O-O-O Nb6 20. Nf3
Rfe8 21. h4 c6 22. g4 Bd8 23. h5 Bc7 24. h6 g6 25. Rd4 Bxe5 26. Nxe5 Rxe5 27.
Rb4 Rb5 28. Rd1 Rxb4 29. Nxb4 Kf8 30. Rd3 Ke7 31. Rb3 Nd7 32. Nd3 b6 33. Rb4 c5
34. Re4+ Kd6 35. g5 f5 36. gxf6 Nxf6 37. Rf4 Ke6 38. e4 Nd7 39. b3 Rf8 40. e3
g5 41. Rg4 Rf1+ 42. Kc2 Kf6 43. e5+ Kf5 44. e6 Nf6 45. Rg3 Kxe6 46. Rxg5 Rh1
47. a4 Rh2+ 48. Kc1 a5 49. e4 Rxh6 50. Nf4+ Kf7 51. e5 Ne4 52. Rf5+ Ke7 53. Kc2
Rh4 54. Kd3 Nf2+ 55. Kc2 Ne4 56. Kd3 Nf2+ 57. Kc2 Ng4 1/2-1/2

[Event "Hastings International Chess Congress"]
[Site "?"]
[Date "2014.01.01"]
[Round "5.10"]
[White "Burnett, Jim"]
[Black "Mannion, Stephen R"]
[Result "1/2-1/2"]
[ECO "D27"]
[WhiteElo "2138"]
[BlackElo "2375"]
[PlyCount "55"]
[EventDate "2014.??.??"]
[TimeControl "6600+1420"]
[WhiteClock "0:37:06"]
[BlackClock "0:26:09"]

1. d4 d5 2. c4 dxc4 3. Nf3 Nf6 4. e3 e6 5. Bxc4 c5 6. O-O a6 7. a4 Nc6 8. Qe2
Be7 9. Rd1 O-O 10. Nc3 Qc7 11. h3 b6 12. Bd2 Bb7 13. Rac1 Rfd8 14. Be1 Bd6 15.
d5 exd5 16. Nxd5 Nxd5 17. Bxd5 Qe7 18. Bc3 Nd4 19. Nxd4 Bxd5 20. Nf5 Qe4 21.
Qg4 Qxg4 22. hxg4 Bf8 23. Bxg7 Bxg7 24. Ne7+ Kf8 25. Nxd5 Rab8 26. b3 Rd6 27.
Kf1 Rc8 28. Ke2 1/2-1/2

[Event "Hastings International Chess Congress"]
[Site "?"]
[Date "2014.01.01"]
[Round "5.10"]
[White "Lenier, Jude A"]
[Black "Mueller, Constantin"]
[Result "1-0"]
[ECO "B41"]
[WhiteElo "2082"]
[BlackElo "2047"]
[PlyCount "45"]
[EventDate "2014.??.??"]
[TimeControl "6600+1910"]
[WhiteClock "0:46:37"]
[BlackClock "0:15:46"]

1. e4 c5 2. Nf3 e6 3. d4 cxd4 4. Nxd4 a6 5. f4 b5 6. Be3 Qc7 7. Bd3 Nf6 8. O-O
Bc5 9. c3 h5 10. h3 Bb7 11. Nd2 d6 12. Qf3 Nc6 13. a4 b4 14. Qg3 h4 15. Qxg7
Ke7 16. e5 Nd5 17. exd6+ Bxd6 18. Nxe6 Kxe6 19. Rae1 Nxe3 20. Rxe3+ Kd5 21. Nb3
Be7 22. Qxf7+ Kd6 23. Qe6# 1-0

[Event "Hastings International Chess Congress"]
[Site "?"]
[Date "2014.01.01"]
[Round "5.11"]
[White "Atkins, Rita"]
[Black "Gordon, Stephen J"]
[Result "0-1"]
[ECO "A45"]
[WhiteElo "2176"]
[BlackElo "2519"]
[PlyCount "38"]
[EventDate "2014.??.??"]
[TimeControl "6600+1150"]
[WhiteClock "0:54:12"]
[BlackClock "0:38:02"]

1. d4 Nf6 2. Bg5 d5 3. e3 c5 4. Bxf6 gxf6 5. dxc5 Qa5+ 6. Nc3 e6 7. Qh5 Nd7 8.
O-O-O Qxc5 9. Nf3 a6 10. e4 dxe4 11. Qxc5 Nxc5 12. Nd2 f5 13. Nc4 Bg7 14. Ne2
b5 15. Nb6 Rb8 16. Nxc8 Rxc8 17. Kb1 Ke7 18. Nf4 Na4 19. c3 Bxc3 0-1

[Event "Hastings International Chess Congress"]
[Site "?"]
[Date "2014.01.01"]
[Round "5.11"]
[White "Strugnell, Carl"]
[Black "Taylor, Adam A"]
[Result "1-0"]
[ECO "B45"]
[WhiteElo "2291"]
[BlackElo "1983"]
[PlyCount "49"]
[EventDate "2014.??.??"]
[TimeControl "6600+1610"]
[WhiteClock "0:50:05"]
[BlackClock "0:02:05"]

1. e4 c5 2. Nc3 e6 3. Nf3 Nc6 4. d4 cxd4 5. Nxd4 Nf6 6. Nxc6 bxc6 7. e5 Nd5 8.
Ne4 Qc7 9. f4 Qb6 10. c4 Ne3 11. Qd3 Nf5 12. g4 Nd4 13. Be3 Nc2+ 14. Kf2 Qxb2
15. Be2 Nxa1 16. Nd6+ Bxd6 17. Qxd6 Ba6 18. Rd1 O-O-O 19. Bd4 Qc2 20. Bxa7 Kb7
21. Be3 Bxc4 22. Rd2 Qc3 23. Qc5 Nc2 24. Qa7+ Kc8 25. Bb6 1-0

[Event "Hastings International Chess Congress"]
[Site "?"]
[Date "2014.01.01"]
[Round "5.12"]
[White "Dennis, Nigel W"]
[Black "Prosviriakov, Vladimir"]
[Result "0-1"]
[ECO "C60"]
[WhiteElo "1848"]
[BlackElo "2282"]
[PlyCount "82"]
[EventDate "2014.??.??"]
[TimeControl "6600+1660"]
[WhiteClock "0:09:08"]
[BlackClock "0:16:06"]

1. e4 e5 2. Nf3 Nc6 3. Bb5 g6 4. O-O Bg7 5. d3 d6 6. Nc3 Nf6 7. Bg5 h6 8. Be3
O-O 9. h3 Kh7 10. Bc4 Qe7 11. Kh2 Na5 12. Bb3 Nxb3 13. axb3 a6 14. g4 c6 15.
Rg1 b5 16. g5 Qd7 17. Qf1 Nh5 18. gxh6 Bxh6 19. Bxh6 Kxh6 20. Ne2 Rh8 21. Qg2
Kg7 22. d4 Nf6 23. Ng5 Ng4+ 24. Kh1 f6 25. f3 Nf2+ 26. Qxf2 fxg5 27. Rg3 Rxh3+
28. Kg2 Qe6 29. Rh1 Rxh1 30. Kxh1 Qf6 31. dxe5 dxe5 32. Qb6 Bd7 33. Qb7 Rh8+
34. Kg2 Qd6 35. Kf2 Rh2+ 36. Rg2 Rh1 37. Rg1 Rh3 38. Rxg5 Kh6 39. Rg3 Rh2+ 40.
Rg2 Qc5+ 41. Kg3 Rh3# {Kf2 Rh2+ Kf1} 0-1

[Event "Hastings International Chess Congress"]
[Site "?"]
[Date "2014.01.01"]
[Round "5.12"]
[White "Jackson, James P"]
[Black "Fernandez, Michael"]
[Result "1/2-1/2"]
[ECO "B21"]
[WhiteElo "2282"]
[BlackElo "1975"]
[PlyCount "80"]
[EventDate "2014.??.??"]
[TimeControl "6600+1175"]
[WhiteClock "0:11:57"]
[BlackClock "0:01:22"]

1. e4 c5 2. d4 cxd4 3. c3 d3 4. Bxd3 Nc6 5. c4 h6 6. h3 g5 7. Nc3 Bg7 8. Nge2
d6 9. O-O g4 10. hxg4 Bxg4 11. f3 Bd7 12. Be3 Ne5 13. Nd4 Rc8 14. b3 a6 15. Rc1
Nf6 16. Be2 h5 17. Nd5 e6 18. Nxf6+ Bxf6 19. Nc2 Bc6 20. Nb4 Bh4 21. Nxc6 Nxc6
22. Qd2 Bg3 23. Bg5 f6 24. Be3 Qe7 25. c5 h4 26. cxd6 Qxd6 27. Qxd6 Bxd6 28. f4
Ke7 29. e5 fxe5 30. fxe5 Bxe5 31. Bg5+ Kd6 32. Rf7 Rc7 33. Rcf1 h3 34. Bc1 Bd4+
35. Kh1 hxg2+ 36. Kxg2 Rg8+ 37. Kh3 Rh8+ 38. Kg2 Rg8+ 39. Kh3 Rh8+ 40. Kg2 Rg8+
1/2-1/2

[Event "Hastings International Chess Congress"]
[Site "?"]
[Date "2014.01.01"]
[Round "5.12"]
[White "Vakhidov, Jahongir"]
[Black "Eames, Robert S"]
[Result "1/2-1/2"]
[ECO "D44"]
[WhiteElo "2452"]
[BlackElo "2195"]
[PlyCount "91"]
[EventDate "2014.??.??"]
[TimeControl "6000+2750"]
[WhiteClock "0:18:56"]
[BlackClock "0:39:45"]

1. Nf3 d5 2. d4 Nf6 3. c4 e6 4. Nc3 c6 5. Bg5 dxc4 6. e4 b5 7. e5 h6 8. Bh4 g5
9. exf6 gxh4 10. Ne5 Qxf6 11. a4 Bb7 12. Be2 c5 13. Nxb5 cxd4 14. Qxd4 Bb4+ 15.
Nc3 O-O 16. O-O Rd8 17. Qxc4 Bd6 18. Ng4 Qg6 19. Rad1 Nc6 20. Bf3 Rac8 21. Qe2
f5 22. Ne3 e5 23. Qc4+ Kg7 24. Qxh4 e4 25. Bh5 Qf6 26. Qxf6+ Kxf6 27. Be2 Bc5
28. Ncd5+ Ke5 29. b4 Nd4 30. Bc4 Bf8 31. f4+ exf3 32. Rfe1 Rxc4 33. Nxc4+ Kxd5
34. Na5 Ba6 35. Rxd4+ Kxd4 36. Nc6+ Kd3 37. Nxd8 Bxb4 38. Re5 Bc3 39. Rxf5 Bd4+
40. Kh1 f2 41. Nc6 Bc5 42. Rxf2 Bxf2 43. Nb4+ Kc4 44. Nxa6 Kb3 45. Nb8 Kxa4 46.
Nc6 1/2-1/2

[Event "Hastings International Chess Congress"]
[Site "?"]
[Date "2014.01.01"]
[Round "5.13"]
[White "Croad, Nicolas"]
[Black "ter Steeg, Marcus"]
[Result "1-0"]
[ECO "A43"]
[WhiteElo "2272"]
[BlackElo "1942"]
[PlyCount "53"]
[EventDate "2014.??.??"]
[TimeControl "6600+1460"]
[WhiteClock "0:34:50"]
[BlackClock "0:03:16"]

1. d4 c5 2. d5 g6 3. c4 Bg7 4. e4 d6 5. Nf3 e6 6. h3 Ne7 7. Nc3 O-O 8. Bf4 e5
9. Bd2 h6 10. g4 f5 11. exf5 gxf5 12. g5 e4 13. gxh6 Bf6 14. Ng5 Ng6 15. Rg1
Kh8 16. Qh5 Ne5 17. O-O-O b5 18. Nxb5 a6 19. Nc3 Ra7 20. f4 exf3 21. Nxf3 Rb7
22. Nxe5 Bxe5 23. Rg7 Qf6 24. Bg5 Bxc3 25. Bxf6 Bxf6 26. Rxb7 Bxb7 27. Re1 1-0

[Event "Hastings International Chess Congress"]
[Site "?"]
[Date "2014.01.01"]
[Round "5.14"]
[White "Milliet, Sophie"]
[Black "Villiers, Thomas"]
[Result "1/2-1/2"]
[ECO "B01"]
[WhiteElo "2387"]
[BlackElo "2078"]
[PlyCount "60"]
[EventDate "2014.??.??"]
[TimeControl "6600+1935"]
[WhiteClock "0:05:52"]
[BlackClock "0:26:11"]

1. e4 d5 2. exd5 Qxd5 3. Nc3 Qa5 4. d4 Nf6 5. Bd2 Bg4 6. f3 Bf5 7. g4 Bg6 8. f4
e6 9. f5 exf5 10. Qe2+ Be7 11. g5 Nd5 12. Bg2 Nxc3 13. Bxc3 Qb6 14. h4 h5 15.
O-O-O Kd8 16. Nh3 Re8 17. Qf3 Nc6 18. Nf4 Bd6 19. Rhe1 Kd7 20. Nd5 Qa6 21. Bh3
Rxe1 22. Rxe1 Re8 23. Bxf5+ Kd8 24. Rxe8+ Kxe8 25. Bxg6 fxg6 26. a3 Ne7 27. Ne3
Qb5 28. Kd2 c6 29. Qe4 Kd7 30. Qf3 Ke8 1/2-1/2

[Event "Hastings International Chess Congress"]
[Site "?"]
[Date "2014.01.01"]
[Round "5.14"]
[White "Rowe, Duane"]
[Black "Roggensack, Hans Peter"]
[Result "1-0"]
[ECO "C47"]
[WhiteElo "2218"]
[BlackElo "1972"]
[PlyCount "41"]
[EventDate "2014.??.??"]
[TimeControl "6600+880"]
[WhiteClock "0:58:17"]
[BlackClock "0:55:37"]

1. e4 e5 2. Nf3 Nf6 3. Nc3 Nc6 4. d4 exd4 5. Nxd4 Bb4 6. Nxc6 bxc6 7. Bd3 d5 8.
exd5 cxd5 9. O-O O-O 10. Bg5 c6 11. Ne2 Bd6 12. Nd4 Bd7 13. c4 Be5 14. Nf3 Bxb2
15. Bxh7+ Kh8 16. Rb1 Bc3 17. Bc2 Qa5 18. h3 Be6 19. Nd4 dxc4 20. Bxf6 gxf6 21.
Rb5 1-0

[Event "Hastings International Chess Congress"]
[Site "?"]
[Date "2014.01.01"]
[Round "5.15"]
[White "Pettersen, Joar Gullestad"]
[Black "Mu, Ke"]
[Result "0-1"]
[ECO "C04"]
[WhiteElo "2013"]
[BlackElo "2302"]
[PlyCount "54"]
[EventDate "2014.??.??"]
[TimeControl "6600+750"]
[WhiteClock "0:01:31"]
[BlackClock "1:23:05"]

1. e4 e6 2. d4 d5 3. Nd2 Nc6 4. Ngf3 Nf6 5. e5 Nd7 6. c3 f6 7. Bb5 fxe5 8. dxe5
Be7 9. Nd4 Nxd4 10. cxd4 O-O 11. Qg4 Rf7 12. Bd3 c5 13. Nf3 cxd4 14. Qh5 g6 15.
Bxg6 hxg6 16. Qxg6+ Rg7 17. Qxe6+ Kh8 18. Qxd5 Nc5 19. Qxd8+ Bxd8 20. Nxd4 Rxg2
21. Ke2 Bg4+ 22. Ke3 Bb6 23. Bd2 Ne6 24. Bc3 Rd8 25. f3 Nxd4 26. fxg4 Ne6+ 27.
Ke4 Rf2 0-1

[Event "Hastings International Chess Congress"]
[Site "?"]
[Date "2014.01.01"]
[Round "5.2"]
[White "Gormally, Daniel W"]
[Black "Wegerle, Joerg"]
[Result "1/2-1/2"]
[ECO "E11"]
[WhiteElo "2500"]
[BlackElo "2431"]
[PlyCount "239"]
[EventDate "2014.??.??"]
[TimeControl "6600+925"]
[WhiteClock "0:29:24"]
[BlackClock "0:02:51"]

1. d4 e6 2. c4 Nf6 3. Nf3 Bb4+ 4. Nbd2 b6 5. e3 Bb7 6. Bd3 O-O 7. O-O d5 8. a3
Be7 9. b4 dxc4 10. Nxc4 Nbd7 11. Bb2 c5 12. dxc5 bxc5 13. b5 a6 14. bxa6 Bxa6
15. Qc2 h6 16. Rfd1 Qc7 17. Nce5 Nb6 18. Bxa6 Rxa6 19. Rac1 c4 20. Nxc4 Qxc4
21. Qxc4 Nxc4 22. Rxc4 Bxa3 23. Bxf6 gxf6 24. g4 Rfa8 25. h3 Bb2 26. Kg2 Ra5
27. Rd7 R5a7 28. Rxa7 Rxa7 29. Rc8+ Kg7 30. Nd2 Be5 31. Ne4 Rc7 32. Rd8 Rc2 33.
Rd7 Rc7 34. Rd1 Rc4 35. Nd2 Rc2 36. Nf3 Rc7 37. Ng1 Rc2 38. Kf1 Kg6 39. Nf3 Kg7
40. Rd7 Rc7 41. Rd8 Bc3 42. Ng1 Ba5 43. Ra8 Rc5 44. Ne2 h5 45. Ng3 hxg4 46.
hxg4 Bc3 47. Ke2 f5 48. gxf5 exf5 49. Ra6 Kh7 50. f4 Bg7 51. Kf3 Rb5 52. Ra2
Bc3 53. Rh2+ Kg6 54. Rg2 Kh6 55. Rc2 Ba1 56. Rc1 Bg7 57. Rh1+ Kg6 58. Rg1 Kh7
59. Nh5 Bc3 60. Rg5 Ra5 61. Ng3 Bf6 62. Rxf5 Rxf5 63. Nxf5 Kg6 64. e4 Bb2 65.
Nd6 Kf6 66. Nc4 Bc3 67. Kg4 Bd4 68. Kh5 Bf2 69. Kh6 Bg3 70. f5 Bc7 71. Kh5 Bf4
72. Kg4 Bc7 73. Kf3 Kg5 74. Ke3 Bf4+ 75. Kd4 Kf6 76. Kd5 Bg3 77. Kc6 Ke7 78.
Ne3 Kf6 79. Kd5 Bf4 80. Ng4+ Kg5 81. Ne5 Kf6 82. Nf3 Bg3 83. Nd2 Bf4 84. Nc4
Bg3 85. Nb6 Bc7 86. Nd7+ Ke7 87. Kc6 Bg3 88. Nc5 Bf4 89. Kb7 Bd6 90. Nd3 Bh2
91. Kc8 Bg3 92. Kb7 Bh2 93. Kc6 Bg3 94. Kd5 Kf6 95. Nb4 Bh2 96. Nc6 Bc7 97. Kd4
Bb6+ 98. Kd3 Bc5 99. Ke2 Bd6 100. Kf3 Kg5 101. Nd8 Kf6 102. Kg4 Bc7 103. Nc6
Bd6 104. Na5 Bh2 105. Nc4 Bc7 106. Ne3 Bd6 107. Kh5 Bf4 108. Ng4+ Ke7 109. Nf2
Kf6 110. Nd3 Bc7 111. Kh6 Bd6 112. Kh7 Bc7 113. Kg8 Bg3 114. Kh8 Bc7 115. Kg8
Bg3 116. Kf8 Bd6+ 117. Ke8 Bg3 118. Nc5 Bd6 119. Nd7+ Kg7 120. Nb6 1/2-1/2